 Dungeon Crawl Stone Soup version 0.30-a0-1112-gfb780f5df6 (webtiles) character file.

Game seed: 6975691255251144358

605 omnomnOMINOUS the Slasher (level 7, -4/48 HPs)
             Began as an Octopode Wanderer on Mar 29, 2023.
             Was a Believer of Dithmenos.
             Slain by a gnoll sergeant
             ... wielding a +0 spear
              (11 damage)
             ... on level 5 of the Dungeon on Apr 19, 2023.
             The game lasted 00:13:20 (4188 turns).

omnomnOMINOUS the Slasher (Octopode Wanderer)       Turns: 4188, Time: 00:13:21

Health: -4/48      AC:  1    Str: 12    XL:     7   Next: 42%
Magic:  8/9        EV: 13    Int: 16    God:    Dithmenos [**....]
Gold:   86         SH:  0    Dex: 11    Spells: 4/9 levels left

rFire   . . .      SeeInvis .    a - +3 falchion
rCold   . . .      Faith    .    (no shield)
rNeg    . . .      Spirit   .    (helmet restricted)
rPois   .          Reflect  .    C - amulet of magic regeneration
rElec   .          Rampage  .    (no ring)
rCorr   .                        (no ring)
Will    .....                    (no ring)
Stlth   ++++                     (no ring)
HPRegen 0.28/turn                (no ring)
MPRegen 0.51/turn                (no ring)
                                 (no ring)
                                 (no ring)

@: confusing by touch, wreathed by umbra
A: almost no armour, amphibious, 8 rings, camouflage 1, gelatinous body 1,
(nimble swimmer 1), tentacles
a: Renounce Religion, Shadow Step


You were on level 5 of the Dungeon.
You worshipped Dithmenos.
Dithmenos was pleased with you.
You visited 1 branch of the dungeon, and saw 5 of its levels.

You collected 230 gold pieces.
You spent 144 gold pieces at shops.

Inventory:

Hand Weapons
 a - a +3 falchion (weapon)
 b - a +2 dagger of venom
 m - a +1 short sword of draining
 w - a +2 short sword of flaming
Missiles
 v - 4 atropa-tipped darts
Armour
 k - an orb of guile
Magical Staves
 D - a staff of earth
Jewellery
 A - an amulet of faith
 C - an amulet of magic regeneration (around mantle)
Wands
 f - a wand of flame (5) (quivered)
 B - a wand of mindburst (22)
Scrolls
 c - 2 scrolls of teleportation
 e - a scroll of magic mapping
 g - a scroll of enchant weapon
 i - a scroll of fear {unknown}
 n - 2 scrolls of torment {unknown}
 p - 2 scrolls of silence
 q - 2 scrolls of blinking
 r - a scroll of poison {unknown}
 t - a scroll of vulnerability {unknown}
 y - a scroll of brand weapon {unknown}
Potions
 d - 2 potions of degeneration
 h - 2 potions of haste
 j - a potion of attraction {unknown}
 l - a potion of might {unknown}
 s - a potion of ambrosia {unknown}
 u - a potion of mutation {unknown}
 x - a potion of lignification {unknown}
 z - a potion of resistance {unknown}


   Skills:
 + Level 4.1 Fighting
 + Level 5.4 Long Blades
 + Level 3.6 Dodging
 + Level 3.3 Stealth
 + Level 1.7 Spellcasting
 + Level 1.7 Conjurations
 + Level 1.7 Hexes
 - Level 2.1 Evocations


You had 4 spell levels left.
You knew the following spells:

 Your Spells              Type           Power      Damage    Failure   Level
a - Searing Ray           Conj           12%        2d4       16%         2
b - Confusing Touch       Hex            6%         N/A       32%         3

Your spell library contained the following spells:

 Spells                   Type           Power      Damage    Failure   Level
 Magic Dart               Conj           24%        1d4       11%         1
 Kiss of Death            Conj/Necr      16%        2d6       16%         1
 Ensorcelled Hibernation  Hex/Ice        8%         N/A       22%         2
 Summon Guardian Golem    Hex/Summ       4%         N/A       41%         3
 Fulminant Prism          Conj/Hex       3%         3d5       71%         4
 Dispel Undead            Necr           1%         3d6       91%         4
 Ice Form                 Ice/Tmut       1%         N/A       91%         4
 Metabolic Englaciation   Hex/Ice        2%         N/A       99%         5
 Orb of Destruction       Conj           3%         9d5       100%        7
 Spellforged Servitor     Conj/Summ      2%         N/A       100%        7
 Polar Vortex             Ice            0%         N/A       100%        9


Dungeon Overview and Level Annotations

Branches:
Dungeon (5/15)             Temple (0/1) D:5

Altars:
Dithmenos
Vehumet

Shops:
D:4 *


Innate Abilities, Weirdness & Mutations

You cannot wear most types of armour.
You are amphibious.
You can wear up to eight rings at the same time.
Your skin changes colour to match your surroundings (Stealth+).
Your rubbery body absorbs attacks. (AC +1, EV +1)
((You are camouflaged when in or above water. (Stealth+)))
You have tentacles for arms and can constrict up to eight enemies at once.


Message History

The gnoll barely misses you.
The gnoll sergeant hits you from afar with a +0 spear.
You slash the gnoll!
You kill the gnoll!
Dithmenos accepts your kill. The gnoll sergeant barely misses you.
The jackal barely misses you.
You miss the jackal. You grab the jackal. You constrict the jackal.
The jackal closely misses you.
The gnoll sergeant hits you from afar with a +0 spear!
The jackal barely misses you.
You hit the jackal but do no damage.
The jackal is lightly wounded.
You constrict the jackal.
The gnoll sergeant hits you from afar with a +0 spear!
The jackal closely misses you.
You slash the jackal!
You kill the jackal!
Dithmenos accepts your kill.
The gnoll sergeant hits you from afar with a +0 spear!
Cast which spell? (? or * to list)
The spell is quite dangerous to miscast (32% risk of failure)!
Continue anyway?
Your tentacles begin to glow red.
The gnoll sergeant hits you from afar with a +0 spear!
* * * LOW HITPOINT WARNING * * *
Unknown command.
The gnoll hits you from afar with a +0 spear.
* * * LOW HITPOINT WARNING * * *
You feel much better. The gnoll sergeant barely misses you.
The gnoll hits you from afar with a +0 spear.
You hit the gnoll sergeant but do no damage.
Your grab misses the gnoll sergeant.
The gnoll sergeant hits you with a +0 spear!
* * * LOW HITPOINT WARNING * * *
The gnoll barely misses you.
You hit the gnoll sergeant but do no damage.
You grab the gnoll sergeant.
You squeeze the gnoll sergeant, but do no damage.
You constrict the gnoll sergeant, but do no damage.
The gnoll sergeant hits you with a +0 spear!
You die...

...# #.# #'## .# ..#.# #.####
.#Wl .y#.# .....## ##+
##########.# #.##..######
#.....#......#.# #.###......#
#.#.#.#.#..#.#.# #.# ######.#
#..#..#..##..#.# #.####
#.###.#g#.#..##..#.#
#....#####..##..@.g'.#..#.#.#
#....'.......#######....g...#
##...#####.#.......########.#
#...#
#.#####.#......##..#####
##### #.# #..............#
#.# #.######...)####.# #.#
#.....รท...>....#.#
#.##############g###.#.#
...O..........#.# #.#.#


You could see a phantom, a gnoll sergeant and a gnoll.

Vanquished Creatures
  A centaur (D:5)
  A scorpion (D:4)
  An orc priest (D:5)
  2 iguanas
  Jessica (D:2)
  4 orc wizards
  7 gnolls
  8 adders
  A white imp (D:3)
  An ufetubus (D:5)
  3 worms
  5 orcs
  6 bats
  10 endoplasms
  2 giant cockroaches
  11 goblins
  9 hobgoblins
  8 jackals
  3 quokkas
  4 ball pythons
  2 frilled lizards (D:3)
  7 kobolds
  5 rats
102 creatures vanquished.

Vanquished Creatures (others)
  3 plants (D:1)
  2 withered plants (D:1)
5 creatures vanquished.

Grand Total: 107 creatures vanquished

Notes
Turn   | Place    | Note
-------+----------+-------------------------------------------
     0 | D:1      | omnomnOMINOUS the Octopode Wanderer began the quest for the
                  | Orb.
     0 | D:1      | omnomnOMINOUS set off with the following items: a +3
                  | falchion, a wand of flame (5), a scroll of teleportation.
     0 | D:1      | Reached XP level 1. HP: 14/14 MP: 1/1
    76 | D:1      | Reached XP level 2. HP: 4/19 MP: 2/2
   423 | D:1      | Reached XP level 3. HP: 12/25 MP: 3/3
   943 | D:1      | Found a faded altar of an unknown god.
   981 | D:1      | Prayed at the altar of an unknown god.
   981 | D:1      | Became a worshipper of Dithmenos the Shadowed
   981 | D:1      | Reached * piety under Dithmenos
  1207 | D:2      | Reached XP level 4. HP: 30/30 MP: 4/4
  1599 | D:2      | Noticed Jessica
  1604 | D:2      | Killed Jessica
  1675 | D:2      | Reached XP level 5. HP: 36/36 MP: 5/5
  1970 | D:3      | Upgraded the game from 0.30-a0-956-gcec3b41aec to
                  | 0.30-a0-1112-gfb780f5df6
  1987 | D:3      | Got the Incunabulum of Causality
  2006 | D:3      | Reached ** piety under Dithmenos
  2129 | D:3      | Found a radiant altar of Vehumet.
  2354 | D:3      | Reached skill level 5 in Long Blades
  2516 | D:4      | Noticed an ogre
  2545 | D:3      | Learned a level 2 spell: Searing Ray
  2549 | D:3      | Learned a level 3 spell: Confusing Touch
  2747 | D:4      | Reached XP level 6. HP: 36/43 MP: 5/7
  2920 | D:4      | Reached skill level 1 in Spellcasting
  3010 | D:4      | Found Fichi's Assorted Antiques.
  3013 | D:4      | Bought a scroll labelled OKAISH WOTUET for 24 gold pieces
  3013 | D:4      | Bought a blackened emerald amulet for 120 gold pieces
  3080 | D:4      | Reached skill level 1 in Conjurations
  3080 | D:4      | Reached skill level 1 in Hexes
  3321 | D:5      | Entered Level 5 of the Dungeon
  3468 | D:5      | Found a staircase to the Ecumenical Temple.
  3627 | D:5      | Reached XP level 7. HP: 29/48 MP: 9/9
  4188 | D:5      | Slain by a gnoll sergeant

Illustrated notes

Levels and vault maps discovered:
D:1:      wander_arrival_chamber, layout_loops_ring,
          shapermc_ecumenical_altar_flowoftime
D:2:      kb_forest_paths, layout_loops_ring, uniq_jessica
D:3:      layout_loops_ring, fiery_altar_vehumet, minmay_misc_feat_four_crosses
D:4:      layout_loops_corners, serial_shops, nicolae_shop_real_fake_doors
D:5:      minmay_clustersquares, layout_basic,
          minmay_temple_entry_statues_fountains

Skill      XL: |  1  2  3  4  5  6 |
---------------+-------------------+-----
Dodging        | 2 3 |  3.6
Fighting       | 3 4 |  4.1
Long Blades    | 5 |  5.4
Stealth        | 2 3 |  3.3
Spellcasting   | 1 |  1.7
Conjurations   | 1 |  1.7
Hexes          | 1 |  1.7
Evocations     | |  2.1

Action                     |  1- 3 |  4- 6 |  7- 9 || total
---------------------------+-------+-------+-------++-------
  Melee: Falchion          |    95 |   100 |    31 ||   226
         Constrict         |    19 |    22 |     7 ||    48
         Tentacles         |    14 |    20 |     6 ||    40
         Dagger            |       |    18 |       ||    18
         Punch             |       |     2 |     1 ||     3
   Cast: Confusing Touch   |       |       |     1 ||     1
    Use: Scroll            |       |     7 |       ||     7
         Potion            |       |       |     2 ||     2
   Stab: Sleeping          |    14 |    17 |     1 ||    32
         Distracted        |     1 |       |       ||     1
 Armour: Skin              |     3 |     5 |     1 ||     9
  Dodge: Dodged            |    42 |    55 |    29 ||   126

Table legend: (Time is in decaauts)
 A = Elapsed time spent in this place.
 B = Non-inter-level travel time spent in this place.
 C = Inter-level travel time spent in this place.
 D = Time resting spent in this place.
 E = Time spent auto-exploring this place.
 F = Levels seen in this place.
 G = Mean time per level.
                   A        B        C        D        E       F      G
               +--------+--------+--------+--------+--------+-----+--------+
         Total |   4198 |   4106 |     92 |    531 |   2620 |   5 |  839.6 |
       Dungeon |   4198 |   4106 |     92 |    531 |   2620 |   5 |  839.6 |
               +--------+--------+--------+--------+--------+-----+--------+

Top non-repeatable levels by time:
     D:1: 1085 daAuts
     D:5: 868 daAuts
     D:4: 850 daAuts
     D:2: 803 daAuts
     D:3: 590 daAuts
